 Dungeon Crawl Stone Soup version 0.28-a0-973-ga7f8b01127 (webtiles) character file.

Game seed: 18368007067292392952

41930 ytrimaz the Severer (level 14, -14/118 HPs)
             Began as a Formicid Fighter on Dec 1, 2021.
             Was a High Priest of Okawaru.
             Demolished by a boulder beetle (19 damage)
             ... on level 13 of the Dungeon.
             The game lasted 00:23:42 (20489 turns).

ytrimaz the Severer (Formicid Fighter)             Turns: 20489, Time: 00:23:43

Health: -14/118    AC: 32    Str: 28    XL:     14   Next: 52%
Magic:  20/20      EV: 14    Int:  8    God:    Okawaru [*****.]
Gold:   1272       SH: 12    Dex: 10    Spells: 13/13 levels left

rFire   + . .      SeeInvis +   e - +2 executioner's axe (protect)
rCold   . . .      Faith    .   c - +0 buckler
rNeg    . . .      Spirit   .   f - +1 plate armour
rPois   .          Reflect  +   (helmet unavailable)
rElec   .          Harm     .   (no cloak)
rCorr   .          Rampage  .   h - +1 pair of gloves
Will    +....                   u - +2 pair of boots
Stlth   ..........              v - amulet of reflection
HPRegen 0.29/turn               C - ring of protection from fire
MPRegen 0.17/turn               n - +4 ring of evasion

@: heroic, under a protective aura
A: permanent stasis, dig shafts and tunnels, antennae 3, four strong arms,
strong 1
a: Dig, Shaft Self, Renounce Religion, Heroism, Finesse, Duel


You were on level 13 of the Dungeon.
You worshipped Okawaru.
Okawaru was extremely pleased with you.
You visited 2 branches of the dungeon, and saw 16 of its levels.
You visited the Abyss 1 time.

You collected 1272 gold pieces.

Inventory:

Hand Weapons
 e - a +2 executioner's axe of protection (weapon)
 y - the +10 mace of the Twisting Madman {drain, rPois}
   (You found it on level 11 of the Dungeon)

   A truly terrible weapon, it drains the life of any living foe it strikes.
   rPois:     It protects you from poison.
 F - a +3 broad axe of holy wrath
Missiles
 d - 22 boomerangs (quivered)
 g - 2 throwing nets
Armour
 a - a +0 tower shield
 c - a +0 buckler (worn)
 f - a +1 plate armour (worn)
 h - a +1 pair of gloves (worn)
 u - a +2 pair of boots (worn)
Jewellery
 i - a ring of protection from cold
 m - a +6 ring of intelligence
 n - a +4 ring of evasion (right hand)
 p - an amulet of guardian spirit
 s - a ring of wizardry
 v - an amulet of reflection (around neck)
 B - a +6 ring of intelligence
 C - a ring of protection from fire (left hand)
 E - an amulet of magic regeneration
Wands
 r - a wand of mindburst (9)
 w - a wand of digging (3)
 A - a wand of flame (21)
 D - a wand of acid (2)
Scrolls
 q - 3 scrolls of immolation
 x - a scroll of fear
 G - a scroll of identify
Potions
 b - 3 potions of brilliance
 j - 2 potions of flight
 k - 4 potions of curing
 l - 5 potions of ambrosia
 o - a potion of attraction
 z - a potion of invisibility
Miscellaneous
 t - a phial of floods


   Skills:
 + Level 13.1(18.1) Fighting
 + Level 15.6(20.6) Axes
 - Level 0.5(5.5) Throwing
 + Level 13.1(18.1) Armour
 * Level 7.8(12.8) Shields
 * Level 8.6 Invocations


You had 13 spell levels left.
You didn't know any spells.
Your spell library contained the following spells:

 Spells                   Type           Power      Damage    Failure   Level
 Apportation              Tloc           0%         N/A       91%         1
 Gell's Gravitas          Tloc           0%         N/A       100%        3
 Lesser Beckoning         Tloc           0%         N/A       100%        3
 Teleport Other           Tloc           0%         N/A       100%        3
 Blade Hands              Tmut           0%         N/A       100%        5
 Irradiate                Conj/Tmut      0%         3d13      100%        5
 Manifold Assault         Tloc           0%         N/A       100%        5
 Dragon Form              Tmut           0%         N/A       100%        7
 Animate Skeleton         Necr           Unusable   N/A       N/A         1
 Summon Small Mammal      Summ           Unusable   N/A       N/A         1
 Blink                    Tloc           Unusable   N/A       N/A         2

Dungeon Overview and Level Annotations

Branches:
Dungeon (15/15) Temple (1/1) D:7 Lair (0/6) D:8 Orc (0/2) D:10 Vaults (0/5) D:12 D:13 Depths: D:15

Altars:
Ashenzari
Cheibriados
Dithmenos
Elyvilon
Fedhas
Gozag
Hepliaklqana
Kikubaaqudgha
Makhleb
Nemelex Xobeh
Okawaru
Qazlal
Ru
Sif Muna
Trog
Uskayaw
Vehumet
Wu Jian
Xom
Yredelemnul
Zin
The Shining One

Shops:
D:3 [   D:11 =

Portals:
Trove: D:10 (give 2 scrolls of acquirement)

Annotations:
D:6 2 transporters
D:7 3 runed translucent doors, Kae's ghost, amateur MiHu
D:15 1 runed translucent door, SirDiesAlot's ghost, journeyman MiDe


Innate Abilities, Weirdness & Mutations

You cannot be hasted, slowed, berserked, paralysed or teleported.
You can dig through walls and to a lower floor.
You have a pair of large antennae on your head. (SInv)
Your four strong arms can wield two-handed weapons with a shield.
Your muscles are strong. (Str +2)


Message History

Found a potion of flight.
The tengu conjurer shouts!
You block the tengu warrior's attack.
The tengu conjurer points at you and mumbles some strange words.
The bolt of lightning hits you!!
The boulder beetle completely misses you.
You block the tengu warrior's attack.
You barely miss the boulder beetle.
The boulder beetle is moderately wounded.
The tengu warrior hits you from afar with a +0 bardiche!
The boulder beetle bites you!
Unknown command.
You slice the boulder beetle!!
The boulder beetle is severely wounded.
You hit the boulder beetle but do no damage.
The boulder beetle is severely wounded.
The tengu warrior hits you from afar with a +0 bardiche.
You block the boulder beetle's attack.
You hit the boulder beetle but do no damage.
The boulder beetle is severely wounded.
The tengu warrior hits you but does no damage.
The boulder beetle bites you!
* * * LOW HITPOINT WARNING * * *
Unknown command.
The boulder beetle bites you.
* * * LOW HITPOINT WARNING * * *
The tengu conjurer casts a spell at you.
The bolt of lightning hits you!
* * * LOW HITPOINT WARNING * * *
There is a gate to the Vaults here.
Things that are here:
12 arrows; a +0 shortbow Unknown command.
The boulder beetle barely misses you.
There is a stone staircase leading up here.
The tengu warrior hits you from afar with a +0 bardiche!
* * * LOW HITPOINT WARNING * * *
The boulder beetle waves its antennae.
The boulder beetle bites you!!
You die...

........###....
.............##.
...............#
................
.......Q........
................
.......Q.$......
.......∩B.......
......†@>.......
......†.........
................
..)........$....
................
....##.##.......
.... .. .......
... ... #.##...


You could see a boulder beetle, a tengu warrior and a tengu conjurer.

Vanquished Creatures
  Rupert (D:13)
  2 tentacled starspawn (Abyss:2)
  A rakshasa (D:14)
  A hydra (D:12)
  2 boulder beetles (D:10)
  Harold (D:7)
  An ogre mage (D:10)
  2 centaur warriors
  Erica (D:10)
  5 two-headed ogres
  A death knight (D:14)
  2 wretched stars (Abyss:2)
  Pikel (D:9)
  2 phantasmal warriors (D:14)
  An orc knight (D:12)
  4 large abominations
  3 wizards
  3 ugly things
  3 deep elf pyromancers
  2 cyclopes
  3 manticores
  2 gargoyles
  A smoke demon (Abyss:2)
  A tengu conjurer (D:10)
  An efreet (Abyss:2)
  A queen bee (D:8)
  A hornet (D:7)
  8 slime creatures
  A harpy skeleton (Abyss:2)
  A centaur simulacrum (D:10)
  5 wraiths
  4 shadows
  2 ynoxinuls
  2 yaks
  2 vampires
  16 humans
  A water elemental (D:15)
  A wyvern (D:8)
  2 basilisks
  5 vampire mosquitoes (D:10)
  A neqoxec (Abyss:2)
  2 steam dragons (D:8)
  5 water moccasins
  2 acid dragons
  6 orc warriors
  A hornet zombie (D:7)
  3 sky beasts
  9 starcursed masses (Abyss:2)
  2 black bears (D:8)
  2 ogres
  2 lemures (D:9)
  A phantom (D:3)
  9 centaurs
  A kobold brigand (D:7)
  3 bullfrogs
  Blork the orc (D:4)
  A gnoll sergeant (D:5)
  A wyvern zombie (D:6)
  A water moccasin zombie (D:6)
  A scorpion (D:6)
  A water moccasin skeleton (D:7)
  44 killer bees
  A wight (Abyss:2)
  A howler monkey (D:5)
  2 jellies
  3 small abominations (Abyss:2)
  A bullfrog zombie (D:7)
  4 centaur zombies
  8 orc priests
  2 hounds
  A bullfrog skeleton (D:7)
  2 centaur skeletons
  A gnoll shaman (D:6)
  3 iguanas
  14 orc wizards
  3 killer bee zombies (D:7)
  16 gnolls
  2 howler monkey skeletons
  7 adders
  2 shadow imps
  A white imp (D:6)
  3 ufetubi
  2 worms (D:3)
  4 dart slugs
  24 orcs
  10 ball pythons
  7 endoplasms
  4 giant cockroaches
  8 goblins
  9 hobgoblins
  10 kobolds
  2 quokkas
  9 bats
  3 frilled lizards
  8 rats
  2 starspawn tentacles (Abyss:2)
377 creatures vanquished.

Vanquished Creatures (collateral kills)
  An endoplasm (D:4)
1 creature vanquished.

Vanquished Creatures (others)
  Louise (D:14)
  A deep elf pyromancer (D:12)
  A manticore (D:10)
  A small abomination (Abyss:2)
  An orc (D:8)
  4 fungi (D:4)
  A lurking horror (Abyss:2)
  5 starspawn tentacles (Abyss:2)
  3 toadstools (D:4)
18 creatures vanquished.

Grand Total: 396 creatures vanquished

Notes
Turn   | Place    | Note
-------+----------+-------------------------------------------
     0 | D:1      | ytrimaz the Formicid Fighter began the quest for the Orb.
     0 | D:1      | Reached XP level 1. HP: 18/18 MP: 1/1
   155 | D:1      | Reached XP level 2. HP: 23/24 MP: 2/2
   301 | D:1      | Reached XP level 3. HP: 27/29 MP: 3/3
  1009 | D:2      | Reached skill level 3 in Axes
  1009 | D:2      | Reached XP level 4. HP: 25/37 MP: 4/4
  1558 | D:2      | Reached XP level 5. HP: 42/42 MP: 5/5
  1711 | D:3      | Found Haz Zairasch's Antique Armour Emporium.
  1933 | D:3      | Reached skill level 4 in Axes
  2027 | D:3      | Noticed a phantom
  2038 | D:3      | Killed a phantom
  2039 | D:3      | Reached XP level 6. HP: 48/48 MP: 6/6
  2522 | D:3      | Gained mutation: Your muscles are strong. (Str +2) [potion
                  | of mutation]
  3215 | D:4      | Noticed Blork the orc
  3222 | D:4      | Killed Blork the orc
  3223 | D:4      | Reached skill level 5 in Axes
  3295 | D:4      | Reached XP level 7. HP: 30/55 MP: 7/7
  3713 | D:4      | Identified a scroll of acquirement
  3713 | D:4      | Acquired a +2 vorpal executioner's axe
  4081 | D:4      | Reached skill level 5 in Armour
  4344 | D:5      | Entered Level 5 of the Dungeon
  4344 | D:5      | Noticed a water moccasin
  4355 | D:5      | Killed a water moccasin
  4356 | D:5      | Reached skill level 6 in Axes
  4765 | D:5      | Reached XP level 8. HP: 50/61 MP: 6/8
  5594 | D:5      | Reached skill level 5 in Fighting
  6031 | D:5      | Reached skill level 7 in Axes
  6055 | D:5      | Reached skill level 5 in Shields
  6512 | D:6      | Reached XP level 9. HP: 46/68 MP: 5/9
  6614 | D:6      | Found a transporter.
  6667 | D:6      | Found a transporter.
  7357 | D:7      | Found a runed translucent gate.
  7357 | D:7      | Found a runed translucent gate.
  7358 | D:7      | Found a runed translucent gate.
  7359 | D:7      | Noticed Kae's ghost (amateur MiHu)
  7383 | D:7      | Reached skill level 8 in Axes
  7400 | D:7      | Noticed Harold
  7422 | D:7      | HP: 2/69 [Harold (9)]
  7423 | D:7      | Killed Harold
  8286 | D:7      | Reached skill level 9 in Axes
  8387 | D:7      | Reached XP level 10. HP: 66/77 MP: 8/10
  9032 | D:7      | Found a staircase to the Ecumenical Temple.
  9223 | D:7      | Reached skill level 10 in Axes
  9462 | D:8      | Found a staircase to the Lair.
  9881 | Temple   | Entered the Ecumenical Temple
 10459 | Temple   | Became a worshipper of Warmaster Okawaru
 11062 | D:9      | Noticed a two-headed ogre
 11076 | D:9      | Killed a two-headed ogre
 11077 | D:9      | Reached XP level 11. HP: 69/87 MP: 7/11
 11631 | D:8      | Reached skill level 10 in Armour
 12524 | D:9      | Reached skill level 11 in Axes
 12599 | D:9      | Reached * piety under Okawaru
 13158 | D:9      | Noticed Pikel
 13167 | D:9      | Killed Pikel
 13168 | D:9      | Reached skill level 1 in Invocations
 13255 | D:9      | Noticed a two-headed ogre
 13261 | D:9      | Killed a two-headed ogre
 13400 | D:9      | Found an ornate altar of the Wu Jian Council.
 13549 | D:9      | Identified the +5 ring mail of Indomitability {Will+
                  | Slay+2}
 13801 | D:10     | Entered Level 10 of the Dungeon
 13986 | D:10     | Reached ** piety under Okawaru
 14095 | D:10     | Noticed a deep elf pyromancer
 14105 | D:10     | Killed a deep elf pyromancer
 14175 | D:10     | Noticed a wizard
 14175 | D:10     | Noticed an ogre mage
 14185 | D:10     | Killed an ogre mage
 14186 | D:10     | Reached skill level 10 in Fighting
 14197 | D:10     | Killed a wizard
 14198 | D:10     | Reached XP level 12. HP: 97/97 MP: 12/14
 14226 | D:10     | Noticed a boulder beetle
 14226 | D:10     | Noticed a boulder beetle
 14237 | D:10     | Reached skill level 12 in Axes
 14238 | D:10     | Killed a boulder beetle
 14243 | D:10     | Reached *** piety under Okawaru
 14275 | D:10     | Killed a boulder beetle
 14282 | D:10     | Identified the +4 falchion "Hykhly" {protect, *Noise rC+
                  | Dex+2 SInv}
 15090 | D:10     | Found a portal to a secret trove of treasure.
 15125 | D:10     | Found a staircase to the Orcish Mines.
 15127 | D:10     | Noticed Erica
 15141 | D:10     | Killed Erica
 15141 | D:10     | Reached **** piety under Okawaru
 15142 | D:10     | Reached skill level 13 in Axes
 15142 | D:10     | Reached skill level 5 in Invocations
 16016 | D:11     | Found Lauggul's Jewellery Shoppe.
 16039 | D:11     | Noticed a two-headed ogre
 16045 | D:11     | Killed a two-headed ogre
 16435 | D:11     | Noticed a two-headed ogre
 16442 | D:11     | Killed a two-headed ogre
 16692 | D:11     | Found a glowing silver altar of Zin.
 16819 | D:11     | Identified the +10 mace of the Twisting Madman {drain,
                  | rPois}
 16840 | D:12     | You fall into a shaft and drop 3 floors!
 16840 | D:15     | Entered Level 15 of the Dungeon
 16849 | D:15     | Noticed SirDiesAlot's ghost (journeyman MiDe)
 16850 | D:15     | Found a runed translucent door.
 16884 | D:15     | Reached XP level 13. HP: 106/106 MP: 17/17
 16892 | D:15     | Noticed a centaur warrior
 16905 | D:15     | Killed a centaur warrior
 16910 | D:15     | Reached ***** piety under Okawaru
 17346 | D:14     | Cast into level 2 of the Abyss (a wizard)
 17404 | Abyss:2  | Noticed a tentacled starspawn
 17411 | Abyss:2  | Killed a tentacled starspawn
 17617 | Abyss:2  | Noticed a starcursed mass
 17649 | Abyss:2  | Reached skill level 14 in Axes
 17684 | Abyss:2  | Noticed a starcursed mass
 18104 | Abyss:2  | Noticed a white very ugly thing
 18104 | Abyss:2  | Noticed a green very ugly thing
 18104 | Abyss:2  | Noticed a tentacled starspawn
 18104 | Abyss:2  | Noticed a green very ugly thing
 18104 | Abyss:2  | Noticed a green very ugly thing
 18104 | Abyss:2  | Noticed a green very ugly thing
 18105 | Abyss:2  | Noticed a green very ugly thing
 18105 | Abyss:2  | Noticed a green very ugly thing
 18115 | Abyss:2  | Killed a tentacled starspawn
 18118 | Abyss:2  | Noticed a green death
 18119 | D:14     | Escaped the Abyss
 18507 | D:14     | Noticed Louise
 18520 | D:14     | Killed Louise
 18801 | D:14     | Noticed a rakshasa
 18816 | D:14     | Killed a rakshasa
 18937 | D:14     | Reached XP level 14. HP: 34/116 MP: 12/19
 19273 | D:13     | Noticed Rupert
 19273 | D:13     | Found a gate to the Vaults.
 20004 | D:12     | Received a gift from Okawaru
 20066 | D:12     | Reached skill level 15 in Axes
 20355 | D:13     | Killed Rupert
 20489 | D:13     | HP: 5/118 [tengu warrior (17)]
 20489 | D:13     | Demolished by a boulder beetle

Illustrated notes

Levels and vault maps discovered:
D:1:      evilmike_arrival_fibonacci_small, layout_basic
D:2:      layout_loops_ring
D:3:      layout_basic, serial_shops, shop
D:4:      layout_loops_cross, minmay_gold_behind_fungi, uniq_blork_the_orc
D:5:      layout_basic, grunt_ministairs_7
D:6:      gammafunk_steamed_eel, layout_loops_ring
D:7:      minmay_polygon_palace, layout_loops_ring,
          minmay_temple_entry_proselytizer, ebering_ghost_rock_garden,
          uniq_harold
D:8:      layout_loops_ring, david_lair_generic
D:9:      layout_loops_cross, nzn_wu_jian_council_hall, special_room
          [special_room_bee], uniq_pikel
D:10:     minmay_the_grid_triangle_9x9_rhombus_full
          [minmay_the_grid_triangle_9x9_limited_checkers,
          minmay_the_grid_triangle_9x9_odd_lines,
          minmay_the_grid_triangle_9x9_negative_grid,
          minmay_the_grid_triangle_9x9_swiss_cheese,
          minmay_the_grid_triangle_9x9_sparse_checkered,
          minmay_the_grid_triangle_9x9_warning,
          minmay_the_grid_triangle_9x9_corrupted_corridor,
          minmay_the_grid_triangle_9x9_prize_top_heavy], layout_long_grid,
          orc_0_dummy, nicolae_trove_entry_crystal, uniq_erica
D:11:     layout_cave_pools, serial_shops, shop,
          amcnicky_mini_rare_corridor_liquid, st_stairs_12, zin_statuary
D:12:     layout_irregular_city
D:13:     layout_cave_pools, david_vaults_3
D:14:     minmay_wizard_corner, layout_cave_pods, nicolae_uskayaw_suspiria,
          uniq_rupert, uniq_louise, uniq_frances
D:15:     grunt_enter_depths_hoard, layout_basic, fountainhead,
          gammafunk_ghost_grave
Temple:   mainiacjoe_temple_starburst

Skill      XL: |  1  2  3  4  5  6  7  8  9 10 11 12 13 14 |
---------------+-------------------------------------------+-----
Axes           | 3 4 5 6 7 9 10 11 13 14 15 | 15.6
Shields        | 4 5 6 7 |  7.8
Armour         | 4 5 7 8 9 10 11 12 13 | 13.1
Fighting       | 4 5 6 8 10 11 12 13 | 13.1
Invocations    | 3 5 7 8 |  8.6
Throwing       | |  0.5

Action                   |  1- 3 |  4- 6 |  7- 9 | 10-12 | 13-15 || total
-------------------------+-------+-------+-------+-------+-------++-------
Melee: War axe           |    83 |   173 |    11 |       |       ||   267
       Executioner's axe |       |       |   229 |   493 |   260 ||   982
       Mace              |       |       |       |       |     8 ||     8
Throw: Throwing net      |       |       |     1 |     2 |       ||     3
       Boomerang         |       |       |       |    13 |       ||    13
Invok: Heroism           |       |       |       |     5 |    13 ||    18
       Finesse           |       |       |       |       |     3 ||     3
 Abil: Dig               |       |       |       |     1 |     2 ||     3
  Use: Scroll            |       |     5 |    10 |     4 |     3 ||    22
       Potion            |       |     1 |     1 |     6 |     2 ||    10
 Stab: Held in net/web   |       |       |       |     1 |       ||     1
Armor: Plate armour      |    73 |   101 |   164 |   347 |   156 ||   841
       Scale mail        |     1 |       |       |       |       ||     1
       Skin              |       |       |       |    39 |       ||    39
       Ring mail         |       |       |       |    47 |       ||    47
Dodge: Dodged            |    30 |    68 |   168 |   484 |   161 ||   911
Block: Buckler           |    11 |    32 |    84 |   251 |   152 ||   530
       Reflection        |       |       |       |    12 |     6 ||    18

Table legend: (Time is in decaauts)
 A = Elapsed time spent in this place.
 B = Non-inter-level travel time spent in this place.
 C = Inter-level travel time spent in this place.
 D = Time resting spent in this place.
 E = Time spent auto-exploring this place.
 F = Levels seen in this place.
 G = Mean time per level.
                   A        B        C        D        E       F      G
               +--------+--------+--------+--------+--------+-----+--------+
         Total |  20872 |  20101 |    771 |   5253 |  11088 |  17 | 1227.8 |
       Dungeon |  19469 |  18805 |    664 |   4769 |  10571 |  15 | 1297.9 |
        Temple |    633 |    526 |    107 |      0 |    517 |   1 |  633.0 |
         Abyss |    768 |    768 |      0 |    484 |      0 |   1 |  768.0 |
               +--------+--------+--------+--------+--------+-----+--------+

Top non-repeatable levels by time:
     D:8: 2233 daAuts
    D:10: 2099 daAuts
     D:7: 2065 daAuts
     D:5: 1714 daAuts
     D:3: 1660 daAuts
     D:6: 1573 daAuts
     D:9: 1507 daAuts
    D:12: 1176 daAuts
    D:14: 1173 daAuts
     D:4: 1039 daAuts
    D:11: 968 daAuts
     D:1: 942 daAuts
     D:2: 793 daAuts
 Abyss:2: 768 daAuts
  Temple: 633 daAuts
